 Dungeon Crawl Stone Soup version 0.28-a0-845-gfc338a8e3c (webtiles) character file.

Game seed: 14253831237323998421

10814 vurker the Zephyrmancer (level 11, 18/92 HPs)
             Began as a Demigod Air Elementalist on Nov 12, 2021.
             Quit the game on level 10 of the Dungeon.
             The game lasted 00:17:17 (14470 turns).

vurker the Zephyrmancer (Demigod Air Elementalist) Turns: 14470, Time: 00:17:18

Health: 18/92      AC: 11    Str:  9    XL:     11   Next: 18%
Magic:  29/29      EV: 12    Int: 27    God:
Gold:   497        SH:  0    Dex: 14    Spells: 24/29 levels left

rFire   + . .      SeeInvis .   B - staff of conjuration
rCold   . . .      Faith    .   (no shield)
rNeg    + . .      Spirit   .   z - +0 robe {Archmagi}
rPois   .          Reflect  .   n - +2 hat
rElec   +          Harm     .   g - +2 cloak {Will+}
rCorr   .          Rampage  .   (no gloves)
Will    ++...      Archmagi +   (no boots)
Stlth   ++........              F - amulet of magic regeneration
HPRegen 0.25/turn               q - ring "Wattamyc" {+Blink rElec rN+ AC+4 Int-2}
MPRegen 0.46/turn               l - ring of protection from fire

@: no status effects
A: high mp 1, forlorn
a: Evoke Blink


You were on level 10 of the Dungeon.
You visited 2 branches of the dungeon, and saw 11 of its levels.

You collected 497 gold pieces.

Inventory:

Missiles
 a - 2 throwing nets
Armour
 g - a +2 cloak of willpower (worn)
   (You took it off Maurice on level 8 of the Dungeon)
 n - a +2 hat (worn)
   (You found it on level 9 of the Dungeon)
 w - a +0 helmet
   (You found it on level 6 of the Dungeon)
 z - a +0 robe of the Archmagi (worn)
   (You took it off a wight on level 8 of the Dungeon)
 E - the +3 pair of gloves of the Elephant {Will- Int+3 Dex+2}
   (You found it on level 8 of the Dungeon)

   Int:       It affects your intelligence (+3).
   Dex:       It affects your dexterity (+2).
   Will:      It decreases your willpower.
Magical Staves
 B - a staff of conjuration (weapon)
   (You found it on level 6 of the Dungeon)
Jewellery
 j - a ring of fire
   (You found it on level 2 of the Dungeon)
 l - a ring of protection from fire (right hand)
   (You found it on level 6 of the Dungeon)
 q - the ring "Wattamyc" (left hand) {+Blink rElec rN+ AC+4 Int-2}
   (You found it on level 5 of the Dungeon)

   [ring of protection]

   AC:        It affects your AC (+4).
   Int:       It affects your intelligence (-2).
   rElec:     It insulates you from electricity.
   rN:        It protects you from negative energy.
   +Blink:    It lets you blink.
 F - an amulet of magic regeneration (around neck)
   (You found it on level 8 of the Dungeon)
Wands
 d - a wand of iceblast (7)
   (You took it off a deep elf pyromancer on level 9 of the Dungeon)
 t - a wand of flame (16)
   (You found it on level 3 of the Dungeon)
 u - a wand of paralysis (3)
   (You took it off Maurice on level 8 of the Dungeon)
 v - a wand of digging (4)
   (You found it on level 6 of the Dungeon)
Scrolls
 c - a scroll of identify
 f - a scroll of fear
 k - 2 scrolls of enchant armour
 C - 3 scrolls of amnesia
Potions
 b - a potion of lignification {unknown}
 e - 10 potions of curing
 h - 2 potions of haste
 m - a potion of brilliance {unknown}
 p - a potion of attraction {unknown}
 s - 3 potions of magic
 A - a potion of ambrosia {unknown}


   Skills:
 + Level 7.2 Fighting
 - Level 1.7 Dodging
 - Level 1.7 Stealth
 * Level 9.8 Spellcasting
 - Level 3.0 Conjurations
 * Level 10.8 Air Magic


You had 24 spell levels left.
You knew the following spells:

 Your Spells              Type           Power      Damage    Failure   Level
a - Shock                 Conj/Air       100%       1d9       1%          1
c - Airstrike             Air            41%        N/A       1%          4

Your spell library contained the following spells:

 Spells                   Type           Power      Damage    Failure   Level
 Corpse Rot               Necr/Air       100%       N/A       1%          2
 Poisonous Vapours        Pois/Air       100%       N/A       1%          2
 Static Discharge         Conj/Air       85%        N/A       1%          2
 Swiftness                Air            82%        N/A       1%          3


Dungeon Overview and Level Annotations

Branches:
Dungeon (10/15)            Temple (1/1) D:5
   Lair: D:8-11         Orc: D:9-12

Shops:
D:7 [

Annotations:
D:8 3 runed translucent doors, Megustar's ghost, novice DEFE


Innate Abilities, Weirdness & Mutations

Your attributes grow dramatically as you level up.
You have an increased reservoir of magic. (+10% MP)
You shall have no god before yourself.


Message History

You are very lightly contaminated with residual magic.
Nothing appears to happen.
The tengu warrior hits you with a +3 vorpal war axe!
The tengu warrior pecks you but does no damage.
The tengu warrior barely misses you.
Aim: a tengu warrior, wielding a +3 vorpal war axe, wearing a +0 ring mail, wearing a +1 kite shield of protection and quivering stones (heavily wounded, empty space bonus: 7/8)
You feel a surge of power!
The air twists around and strikes the tengu warrior!
The tengu warrior closely misses you. x2; The tengu warrior claws you.
Aim: a tengu warrior, wielding a +3 vorpal war axe, wearing a +0 ring mail, wearing a +1 kite shield of protection and quivering stones (severely wounded, empty space bonus: 7/8)
You feel a surge of power!
The air twists around and strikes the tengu warrior!
The tengu warrior hits you with a +3 vorpal war axe!
The tengu warrior pecks you but does no damage.
The tengu warrior claws you but does no damage.
Aim: a tengu warrior, wielding a +3 vorpal war axe, wearing a +0 ring mail, wearing a +1 kite shield of protection and quivering stones (almost dead, empty space bonus: 7/8)
You feel a surge of power!
The air twists around and strikes the tengu warrior!!
You kill the tengu warrior!
You start resting.
Your magical contamination has completely faded away.
You start resting.
You climb upwards.
The skeletal warrior hits you with a +2 vampiric short sword!
The vampire hits you with a staff of cold!
The vampire freezes you! The vampire bites you.
The vampire draws strength from your injuries!
The skeletal warrior hits you with a +2 vampiric short sword!!
* * * LOW HITPOINT WARNING * * *
There is a stone staircase leading down, spattered with blood here.
Unknown command.
The vampire hits you but does no damage.
The vampire freezes you!
* * * LOW HITPOINT WARNING * * *
The vampire barely misses you.
The skeletal warrior hits you but does no damage.
You climb downwards.
There is a stone staircase leading up, spattered with blood here.
Items here: ( ) [[ †.
The vampire hits you with a staff of cold!
* * * LOW HITPOINT WARNING * * *
The vampire freezes you.
* * * LOW HITPOINT WARNING * * *
The vampire closely misses you.
The vampire mumbles some strange words.
The vampire flickers and vanishes!
Deactivating autopickup; reactivate with Ctrl-A.
Okay, then.
Okay, then.
Okay, then.

#####..##....[##....#
#...##.....##>...#
#...........+....#
#...........#....#
#...##.....#######
#...##.....##
######......#
##..##......#
#...@z......#
#...##.....## ####
#######


You could see a skeletal warrior.

Vanquished Creatures
  Harold (D:7)
  A centaur warrior (D:9)
  A tengu warrior (D:10)
  2 two-headed ogres
  A deep elf pyromancer (D:9)
  A manticore (D:9)
  An ugly thing (D:8)
  A cyclops (D:9)
  Maurice (D:8)
  2 trolls (D:10)
  A shadow (D:8)
  10 yaks
  4 orc warriors
  4 ogres
  5 centaurs
  4 phantoms
  A kobold brigand (D:9)
  3 bullfrogs (D:7)
  3 scorpions
  A wyvern zombie (D:8)
  A water moccasin zombie (D:5)
  2 killer bees
  10 wights
  8 howler monkeys
  3 centaur zombies
  A bullfrog zombie (D:5)
  4 hounds
  2 jellies (D:6)
  2 bullfrog skeletons
  3 orc priests
  4 gnoll shamans
  A scorpion zombie (D:5)
  7 iguanas
  3 orc wizards
  A killer bee zombie (D:5)
  13 gnolls
  7 adders
  A shadow imp (D:7)
  2 ufetubi
  3 worms
  6 dart slugs
  21 orcs
  6 endoplasms
  A giant cockroach (D:1)
  8 goblins
  4 hobgoblins
  6 kobolds
  2 quokkas (D:2)
  8 ball pythons
  2 bats
  5 frilled lizards
  9 rats
204 creatures vanquished.

Vanquished Creatures (others)
  A killer bee zombie (D:6)
1 creature vanquished.

Grand Total: 205 creatures vanquished

Notes
Turn   | Place    | Note
-------+----------+-------------------------------------------
     0 | D:1      | vurker the Demigod Air Elementalist began the quest for the
                  | Orb.
     0 | D:1      | Reached XP level 1. HP: 14/14 MP: 5/5
   165 | D:1      | Reached skill level 1 in Conjurations
   399 | D:1      | Reached XP level 2. HP: 22/22 MP: 1/7
   516 | D:1      | Reached skill level 3 in Air Magic
   802 | D:1      | Reached XP level 3. HP: 27/27 MP: 5/9
  1356 | D:2      | Reached skill level 1 in Fighting
  2327 | D:3      | Reached XP level 4. HP: 35/35 MP: 3/10
  2367 | D:3      | Noticed a phantom
  2389 | D:3      | Killed a phantom
  2390 | D:3      | Reached XP level 5. HP: 25/40 MP: 0/12
  2849 | D:3      | Learned a level 4 spell: Airstrike
  3539 | D:5      | Entered Level 5 of the Dungeon
  3583 | D:5      | Found a staircase to the Ecumenical Temple.
  3607 | D:5      | Reached skill level 4 in Air Magic
  3738 | D:5      | Reached XP level 6. HP: 18/48 MP: 5/14
  3756 | Temple   | Entered the Ecumenical Temple
  4681 | D:5      | Reached XP level 7. HP: 17/56 MP: 8/16
  4992 | D:5      | Identified the ring "Wattamyc" {+Blink rElec rN+ AC+4
                  | Int-2}
  5060 | D:5      | Reached skill level 5 in Air Magic
  5441 | D:5      | Found a staircase to the Ecumenical Temple.
  6772 | D:6      | Reached skill level 5 in Spellcasting
  6899 | D:6      | Reached skill level 6 in Air Magic
  6899 | D:6      | Reached XP level 8. HP: 47/63 MP: 2/19
  8864 | D:7      | Found Oxoleimp's Antique Armour Shoppe.
  8920 | D:7      | Reached skill level 7 in Air Magic
  9696 | D:7      | Reached XP level 9. HP: 72/72 MP: 9/22
  9998 | D:8      | Noticed Harold
 10569 | D:8      | Reached skill level 5 in Fighting
 11003 | D:7      | Killed Harold
 11004 | D:7      | Reached skill level 8 in Air Magic
 11657 | D:8      | Noticed Maurice
 11666 | D:8      | Killed Maurice
 11773 | D:8      | Found a runed translucent gate.
 11773 | D:8      | Found a runed translucent gate.
 11774 | D:8      | Found a runed translucent gate.
 11779 | D:8      | Noticed Megustar's ghost (novice DEFE)
 11782 | D:8      | Identified the +3 pair of gloves of the Elephant {Will-
                  | Int+3 Dex+2}
 12053 | D:8      | Reached skill level 9 in Air Magic
 12053 | D:8      | Reached XP level 10. HP: 83/83 MP: 10/26
 12730 | D:9      | Noticed a two-headed ogre
 12767 | D:9      | Killed a two-headed ogre
 12838 | D:9      | Noticed a manticore
 12843 | D:9      | Killed a manticore
 13034 | D:9      | Noticed a green ugly thing
 13034 | D:9      | Noticed a deep elf pyromancer
 13051 | D:9      | Killed a deep elf pyromancer
 13052 | D:9      | Reached skill level 10 in Air Magic
 13087 | D:8      | Killed a green ugly thing
 13354 | D:9      | Noticed a cyclops
 13358 | D:9      | Killed a cyclops
 13369 | D:9      | Noticed a skeletal warrior
 13594 | D:9      | Noticed a centaur warrior
 13604 | D:9      | Killed a centaur warrior
 13625 | D:10     | Entered Level 10 of the Dungeon
 13642 | D:10     | HP: 1/84 [yak (12)]
 14046 | D:10     | Noticed a two-headed ogre
 14050 | D:10     | Killed a two-headed ogre
 14051 | D:10     | Reached XP level 11. HP: 92/92 MP: 13/29
 14262 | D:9      | Noticed a tengu warrior
 14272 | D:10     | Killed a tengu warrior
 14470 | D:10     | Quit the game

Illustrated notes

Levels and vault maps discovered:
D:1:      ncdulo_watergridlock, layout_rooms, chequers_ecumenical_altar_twisty,
          minmay_circled_x
D:2:      layout_loops_ring
D:3:      layout_rooms, minmay_cupped
D:4:      layout_gridville, minmay_stone_trees_large, kennysheep_nondescript
D:5:      layout_basic, nicolae_ru_great_annihilating_truth,
          minmay_temple_entry_glassed_door, minmay_circle_x
D:6:      minmay_diamond_boxcup, layout_loops_ring, lemuel_flame_loot_1
D:7:      layout_gridville, serial_shops, nicolae_diamond_shop
D:8:      layout_loops_ring, gammafunk_ghost_necromancy,
          kennysheep_generic_room_6, uniq_harold, uniq_maurice
D:9:      minmay_the_grid_four_pointed_star_mashed
          [minmay_the_grid_triangle_9x9_from_above,
          minmay_the_grid_triangle_9x9_skeleton,
          minmay_the_grid_triangle_9x9_subtriangle,
          minmay_the_grid_triangle_9x9_descending_squares,
          minmay_the_grid_prize_four_corners], layout_basic, uniq_gastronok
D:10:     layout_gridville
Temple:   mainiacjoe_temple_circle_huts

Skill      XL: |  1  2  3  4  5  6  7  8  9 10 |
---------------+-------------------------------+-----
Conjurations   | 1 2 3 |  3.0
Spellcasting   | 2 3 4 5 6 8 9 |  9.8
Air Magic      | 3 4 6 7 9 10 | 10.8
Fighting       | 1 2 3 4 5 7 |  7.2
Dodging        | |  1.7
Stealth        | |  1.7

Action                   |  1- 3 |  4- 6 |  7- 9 | 10-12 || total
-------------------------+-------+-------+-------+-------++-------
Melee: Unarmed           |    11 |       |       |       ||    11
       Short sword       |     2 |       |       |       ||     2
 Cast: Shock             |   104 |   116 |    83 |    11 ||   314
       Airstrike         |       |       |   134 |   100 ||   234
Evoke: Wand              |       |       |     2 |     8 ||    10
  Use: Scroll            |       |       |       |    15 ||    15
       Potion            |       |       |       |     2 ||     2
Armor: Robe              |     6 |     4 |    27 |    17 ||    54
Dodge: Dodged            |    12 |    22 |    53 |    18 ||   105

Table legend: (Time is in decaauts)
 A = Elapsed time spent in this place.
 B = Non-inter-level travel time spent in this place.
 C = Inter-level travel time spent in this place.
 D = Time resting spent in this place.
 E = Time spent auto-exploring this place.
 F = Levels seen in this place.
 G = Mean time per level.
                   A        B        C        D        E       F      G
               +--------+--------+--------+--------+--------+-----+--------+
         Total |  14465 |  13701 |    764 |   1199 |  10741 |  11 | 1315.0 |
       Dungeon |  14235 |  13474 |    761 |   1199 |  10517 |  10 | 1423.5 |
        Temple |    229 |    226 |      3 |      0 |    224 |   1 |  229.0 |
               +--------+--------+--------+--------+--------+-----+--------+

Top non-repeatable levels by time:
     D:6: 2450 daAuts
     D:7: 2406 daAuts
     D:5: 2321 daAuts
     D:8: 1954 daAuts
     D:1: 1121 daAuts
     D:2: 956 daAuts
    D:10: 836 daAuts
     D:3: 772 daAuts
     D:9: 727 daAuts
     D:4: 688 daAuts
  Temple: 229 daAuts
